Map: Ulrena

Players

capac

  • Race: Terran Terran
  • League: Gold

YOfr - Winner!

  • Race: Zerg Zerg
  • League: Gold

VOD

Have the link to the VOD?

Description

Time

  • Played on: April 4, 2016, 11:32 a.m.
  • Length: 17:42
Show
View Real Time Build Order
Export as new Build Order

capac Terran 

Build Orders: Reaper Expand 

Get SALT Encoding   

  12  0:00  SCV  
  13  0:13  SCV  
  14  0:18  Supply Depot  
  14  0:25  SCV  
  15  0:39  SCV  
  15  0:42  Barracks  
  16  0:45  Refinery  
  16  0:51  SCV  
  17  1:03  SCV  
  18  1:16  SCV  
  19  1:30  Reaper  
  19  1:31  Orbital Command  
  20  1:45  Command Center  
  20  1:53  Supply Depot  
  20  2:02  Marine  
  20  2:07  Factory  
  21  2:09  SCV  
  22  2:31  Barracks Reactor  
  22  2:43  SCV  
  23  2:47  Refinery  
  23  2:53  Barracks  
  23  2:54  Factory Tech Lab  
  23  2:55  Bunker  
  23  3:01  Orbital Command  
  23  3:07  Marine  
  23  3:08  Marine  
  25  3:16  Siege Tank  
  25  3:18  SCV  
  29  3:25  Marine x2  
  31  3:32  SCV x2  
  31  3:43  Starport  
  31  4:05  Bunker, Marine x3  
  31  4:06  Siege Tank  
  35  4:10  Barracks  
  30  4:45  Marine x2  
  31  4:46  Marine, Siege Tank  
  31  4:47  Medivac  
  37  5:06  Marine x2  
  39  5:08  Barracks Tech Lab  
  39  5:24  Marine x2  
  41  5:32  Marine  
  41  5:33  Barracks Tech Lab  
  41  5:35  Barracks Reactor  
  42  5:42  Marine  
  43  5:43  Orbital Command  
  43  5:57  Siege Tank  
  46  6:09  Bunker  
  46  6:43  Supply Depot  
  46  6:50  Starport Reactor  
  46  7:04  Marine, Siege Tank, SCV x2  
  46  7:07  Marine x2  
  54  7:10  Stimpack  
  54  7:15  Supply Depot  
  54  7:18  Supply Depot  
  54  7:19  Engineering Bay  
  54  7:20  Liberator  
  54  7:22  Liberator  
  54  7:24  Command Center  
  54  7:37  Marine x2, SCV x2  
  54  7:43  Supply Depot  
  64  7:49  SCV x2  
  66  7:54  Marine x2  
  68  8:01  SCV x2  
  70  8:13  SCV x2  
  72  8:20  Marine x4, Medivac  
  72  8:23  Marine, Medivac  
  72  8:25  SCV  
  74  8:29  SCV  
  75  8:37  SCV  
  76  8:45  Marine x2  
  76  8:46  Marine x3  
  81  8:49  SCV  
  81  8:50  SCV  
  82  9:03  Marine x3  
  82  9:05  Missile Turret  
  82  9:08  Marine x2  
  87  9:12  Terran Infantry Weapons Level 1  
  87  9:17  Combat Shields  
  87  9:39  Marine x5  
  92  9:47  SCV  
  93  9:55  Supply Depot  
  93  10:03  SCV x2, Medivac x2  
  99  10:08  Marine x3  
  99  10:09  Marine  
  103  10:15  SCV  
  103  10:18  Orbital Command  
  104  10:25  Supply Depot  
  104  10:46  Armory  
  104  10:47  Engineering Bay  
  104  10:48  Supply Depot, SCV  
  104  10:49  SCV  
  106  11:09  Liberator x2  
  106  11:27  Supply Depot  
  106  11:29  Terran Infantry Armor Level 1  
  112  11:33  Barracks, SCV x3  
  112  11:35  Terran Infantry Weapons Level 2  
  115  11:45  SCV  
  115  11:47  SCV x2  
  118  11:50  Marine x4  
  122  11:57  SCV  
  103  12:12  Liberator  
  95  12:23  Marine x5  
  95  12:25  Siege Tank  
  90  12:41  Marine x2  
  86  12:45  Marine x3  
  86  12:46  Barracks Reactor  
  86  12:49  Supply Depot  
  84  12:53  Medivac  
  86  12:58  Marine  
  86  12:59  Marine  
  86  13:00  Refinery  
  86  13:01  Refinery  
  86  13:02  Refinery x2, Marine, SCV x3  
  92  13:09  Siege Tank  
  95  13:19  SCV x3  
  89  13:48  Marine x4  
  85  13:49  Marine  
  85  13:51  Medivac x2  
  85  13:53  Siege Tank  
  97  14:06  Marine x4  
  101  14:21  SCV x2  
  101  14:22  SCV  
  104  14:28  Marine x4  
  104  14:29  Marauder  
  104  14:30  Concussive Shells  
  110  14:33  SCV  
  110  14:34  SCV x2  
  110  14:35  Barracks  
  110  14:37  Barracks  
  113  14:39  Barracks  
  113  14:44  Barracks  
  113  14:46  SCV x3  
  113  14:51  Medivac x2  
  120  15:16  Marauder  
  120  15:17  Marine x4  
  120  15:19  SCV x3  
  129  15:28  Command Center  
  129  15:31  SCV x2  
  129  15:34  Barracks Tech Lab x2  
  129  15:35  Barracks Tech Lab  
  131  15:36  Barracks Tech Lab  
  131  15:38  Barracks  
  128  16:08  Marine x5  
  129  16:11  Marauder  
  129  16:12  Marauder x3  
  134  16:20  Medivac x2  
  132  16:26  Marine  
  132  16:27  Marauder  
  135  16:33  Marauder  
  116  16:53  Marauder x4  
  124  16:54  Marauder  
  109  17:14  Marauder x2  
  109  17:15  Marauder  
Show
View Real Time Build Order
Export as new Build Order

YOfr Zerg - Winner!

Build Orders: Pool First 

Get SALT Encoding   

  12  0:09  Drone  
  13  0:15  Overlord  
  13  0:22  Drone  
  14  0:34  Drone x2  
  16  0:43  Spawning Pool  
  16  0:45  Drone  
  16  0:56  Extractor, Drone  
  16  1:05  Drone  
  17  1:15  Drone  
  19  1:25  Drone  
  19  1:38  Overlord  
  19  1:39  Hatchery  
  18  1:46  Drone  
  19  1:54  Roach Warren  
  18  1:59  Queen  
  20  2:16  Overlord  
  20  2:27  Zergling x4  
  22  2:53  Roach x2  
  22  2:54  Roach x2  
  30  3:02  Queen  
  32  3:16  Ravager  
  32  3:17  Ravager  
  34  3:22  Ravager  
  35  3:45  Drone x6  
  35  3:46  Drone  
  42  3:53  Queen  
  44  4:01  Hatchery  
  38  4:56  Drone x6  
  44  5:02  Extractor  
  44  5:04  Extractor  
  44  5:06  Extractor  
  41  5:08  Spore Crawler  
  41  5:10  Lair  
  40  5:30  Drone x3  
  40  5:32  Drone x3  
  40  5:35  Drone x3  
  49  5:42  Evolution Chamber  
  45  5:55  Baneling Nest  
  44  6:03  Spore Crawler  
  43  6:28  Overlord  
  43  6:29  Overlord x4  
  43  6:35  Infestation Pit  
  43  6:36  Zerg Ground Armor Level 1  
  42  6:43  Overlord x4  
  42  6:45  Hatchery, Pneumatized Carapace  
  41  6:50  Queen  
  43  6:57  Glial Reconstitution  
  43  7:07  Zergling x4  
  43  7:08  Zergling x4  
  47  7:29  Baneling x4  
  47  7:31  Baneling x2  
  47  7:32  Baneling  
  47  7:42  Zergling x2  
  47  7:43  Zergling x2  
  41  8:46  Hive  
  41  8:48  Drone x7  
  42  8:49  Drone x6  
  54  9:01  Drone x5  
  54  9:02  Drone x4  
  63  9:03  Evolution Chamber  
  62  9:11  Hatchery  
  62  9:16  Spore Crawler  
  60  9:17  Spore Crawler  
  60  9:22  Spore Crawler  
  58  9:42  Zerg Ground Armor Level 2  
  58  9:48  Queen, Evolution Chamber  
  58  9:50  Drone x2  
  58  9:51  Drone  
  62  9:55  Overlord  
  62  10:03  Hatchery  
  62  10:05  Adrenal Glands  
  61  10:14  Ultralisk Cavern  
  60  10:30  Extractor  
  60  10:31  Extractor  
  58  10:37  Queen  
  60  10:49  Spore Crawler  
  59  10:50  Spine Crawler  
  59  10:51  Zerg Melee Weapons Level 1  
  59  10:53  Overlord x4  
  58  11:17  Chitinous Plating  
  58  11:19  Spire  
  58  11:20  Ultralisk x2  
  58  11:21  Ultralisk x3  
  87  11:30  Drone x3  
  87  11:32  Drone x3  
  93  11:35  Drone x2  
  93  11:36  Queen  
  93  11:38  Metabolic Boost  
  97  11:43  Drone x2  
  97  11:44  Drone x4  
  103  11:55  Ultralisk  
  93  12:21  Zergling x28  
  93  12:22  Zergling x2  
  69  12:48  Drone  
  69  12:49  Drone x7  
  76  12:53  Corruptor x4  
  76  12:54  Corruptor  
  86  13:02  Zergling x6  
  89  13:07  Zergling x12  
  95  13:19  Drone x2  
  98  13:20  Drone x3  
  98  13:22  Extractor  
  98  13:24  Extractor  
  79  14:05  Ultralisk x3  
  79  14:06  Ultralisk x3  
  79  14:07  Zergling x2  
  79  14:08  Zergling x2  
  117  14:18  Drone x2  
  119  14:27  Hatchery  
  118  14:33  Zergling x4  
  118  14:34  Overlord  
  118  14:37  Overlord  
  120  14:40  Overlord  
  120  14:45  Zerg Melee Weapons Level 2  
  120  14:46  Zerg Ground Armor Level 3  
  120  14:52  Drone x3  
  123  14:53  Drone  
  123  14:54  Drone x2  
  123  14:59  Drone x3  
  129  15:00  Drone x5  
  129  15:01  Drone  
  133  15:11  Zergling x10  
  133  15:12  Zergling x6, Roach  
  141  15:51  Zergling x10  
  141  15:52  Zergling x6  
  141  15:53  Zergling x28  
  162  15:57  Extractor  
  162  15:58  Zergling x2, Extractor  
  162  16:01  Overlord  
  162  16:02  Spine Crawler, Overlord x3  
  162  16:03  Spine Crawler x2  
  143  16:11  Corruptor  
  143  16:12  Corruptor x3  
  139  16:48  Zergling x2  
  139  16:49  Zergling x16  
Tags
 
Add a new tag
Caveats
  • Supply blocks, unpowered buildings, or Contaminate may cause inaccurate times.
  • Supply counts are checked every 10 seconds.